 Dungeon Crawl Stone Soup version 0.32-a0-35-gd9ff480968 (webtiles) character file.

Game seed: 3872376266365834922

58 pokeman the Magician (level 3, -1/20 HPs)
             Began as a Deep Elf Hedge Wizard on Jan 22, 2024.
             Hit by a boomerang thrown by a gnoll (3 damage)
             ... on level 2 of the Dungeon.
             The game lasted 00:04:56 (1579 turns).

pokeman the Magician (Deep Elf Hedge Wizard)        Turns: 1579, Time: 00:04:57

Health: -1/20      AC:  3    Str:  7    XL:     3   Next: 75%
Magic:  2/11       EV: 12    Int: 20    God:
Gold:   20         SH:  0    Dex: 14    Spells: 4/12 levels left

rFire   . . .        g - +1 whip (vamp)
rCold   . . .        (no shield)
rNeg    . . .        b - +0 robe
rPois   .            c - +0 hat
rElec   .            (no cloak)
rCorr   .            a - +0 pair of gloves
SInv    .            (no boots)
Will    .....        (no amulet)
Stlth   ++           (no ring)
HPRegen 0.23/turn    (no ring)
MPRegen 0.12/turn

%: no passive effects
@: no status effects
A: no striking features
a: no special abilities


You were on level 2 of the Dungeon.
You visited 1 branch of the dungeon, and saw 2 of its levels.

You collected 20 gold pieces.

Inventory:

Hand Weapons
 g - a +1 vampiric whip (weapon)
Armour
 a - a +0 pair of gloves (worn)
 b - a +0 robe (worn)
 c - a +0 hat (worn)
Magical Staves
 f - a staff of air
Scrolls
 i - a scroll of immolation {unknown}
Potions
 d - a potion of magic
 e - a potion of cancellation {unknown}
 h - a potion of degeneration {unknown}


   Skills:
 + Level 1.0 Fighting
 + Level 1.0 Armour
 - Level 2.4 Dodging
 - Level 2.4 Stealth
 * Level 5.4 Spellcasting
 + Level 2.0 Conjurations
 - Level 1.1 Summonings
 - Level 1.1 Translocations


You had 4 spell levels left.
You knew the following spells:

 Your Spells              Type           Power      Damage    Failure   Level
a - Magic Dart            Conj           52%        1d5       4%          1
b - Mephitic Cloud        Conj/Alch/Air  8%         N/A       26%         3
c - Call Imp              Summ           18%        N/A       11%         2
d - Blink                 Tloc           18%        N/A       11%         2

Your spell library contained the following spells:

 Spells                   Type           Power      Damage    Failure   Level
 Necrotise                Necr           20%        1d5       11%         1
 Slow                     Hex            20%        N/A       11%         1
 Cigotuvi's Dreadful Rot  Necr/Alch/Air  10%        N/A       17%         2
 Vampiric Draining        Necr           5%         2d6       32%         3
 Martyr's Knell           Necr/Summ      7%         N/A       65%         4
 Curse of Agony           Necr           5%         N/A       97%         5


Dungeon Overview and Level Annotations

Branches:
Dungeon (2/15)

Altars:

Annotations:
D:2 Terence


Message History

Aiming: Mephitic Cloud (extremely dangerous; 26% risk of failure)
Press: ? - help, Shift-Dir - straight line, f - gnoll
Aim: a gnoll, wielding a +0 whip (chance to affect: 91%)
The ball explodes into a vile cloud!
The stinking cloud engulfs the gnoll. x2
The stinking cloud engulfs you.
You are engulfed in noxious fumes.
You choke on the stench!
You are confused.
You hear a shout!
The gnoll is engulfed in noxious fumes.
The gnoll hits you with a +0 whip.
The gnoll hits you from afar with a +0 spear.
Unknown command.
The gnoll is engulfed in noxious fumes.
The gnoll appears confused.
The gnoll hits you from afar with a +0 spear.
You miss the adder.
You feel less confused. The adder bites you but does no damage.
The gnoll is engulfed in noxious fumes.
The gnoll hits you from afar with a +0 spear.
Unknown command.
The adder bites you.
* * * LOW HITPOINT WARNING * * *
You see here a +0 dagger.
The gnoll barely misses you.
Casting: Mephitic Cloud (extremely dangerous; 26% risk of failure)
Confirm with . or Enter, or press ? or * to list all spells.
Aiming: Mephitic Cloud (extremely dangerous; 26% risk of failure)
Press: ? - help, Shift-Dir - straight line, f - adder, p - gnoll
Aim: an adder (chance to affect: 91%)
The ball explodes into a vile cloud!
The stinking cloud engulfs the adder.
The stinking cloud engulfs the gnoll.
The stinking cloud engulfs you.
The adder is engulfed in noxious fumes.
The adder appears confused.
The adder closely misses you.
The gnoll is engulfed in noxious fumes.
Unknown command.
Unknown command.
You hit the gnoll but do no damage.
The adder is engulfed in noxious fumes.
The adder appears confused.
The adder closely misses you.
The adder is engulfed in noxious fumes.
The adder appears confused.
The gnoll hits you with a +0 whip.
* * * LOW HITPOINT WARNING * * *
The gnoll throws a boomerang.
The boomerang hits you.
You die...

#..##.....#.# #.....
..........#.###.....
....
..##...[)#.........
. #...
#.....#####.....
..#... #.....#
#..##.
#...#.######(....#
##..##.
.>......##.....###
#...##.
.......g#g..####
#...##.
.......†#☼@.#
#...##. ##..g☼§§##
#...##. #.?.)§S##
#...#.. #...#####
#...#.# #.## #...#
.. ##### .. .


You could see 2 gnolls and an adder (confused).

Vanquished Creatures
  A gnoll (D:2)
  A ribbon worm (D:1)
  A dart slug (D:1)
  6 bats
  An endoplasm (D:2)
  3 giant cockroaches (D:2)
  4 goblins
  6 hobgoblins
  5 kobolds (D:1)
  A quokka (D:1)
  2 ball pythons
  8 rats
39 creatures vanquished.

Vanquished Creatures (collateral kills)
  A giant cockroach (D:1)
1 creature vanquished.

Grand Total: 40 creatures vanquished

Notes
Turn   | Place    | Note
-------+----------+-------------------------------------------
     0 | D:1      | pokeman the Deep Elf Hedge Wizard began the quest for the
                  | Orb.
     0 | D:1      | Reached XP level 1. HP: 10/10 MP: 7/7
   216 | D:1      | Reached XP level 2. HP: 10/16 MP: 2/9
   686 | D:1      | Reached skill level 5 in Spellcasting
   821 | D:1      | Reached XP level 3. HP: 20/20 MP: 3/11
   825 | D:1      | Learned a level 3 spell: Mephitic Cloud
   828 | D:1      | Learned a level 2 spell: Call Imp
   831 | D:1      | Learned a level 2 spell: Blink
  1249 | D:2      | Noticed Terence
  1476 | D:2      | Reached skill level 1 in Fighting
  1476 | D:2      | Reached skill level 1 in Armour
  1579 | D:2      | Hit by a boomerang thrown by a gnoll

Illustrated notes

Levels and vault maps discovered:
D:1:      sevenhm_arrival_forest_fort_small_5, layout_basic
D:2:      layout_rooms, uniq_terence

Skill      XL: |  1  2  3 |
---------------+----------+-----
Spellcasting   | 5 |  5.4
Fighting       | 1 |  1.0
Armour         | 1 |  1.0
Conjurations   | 2 |  2.0
Dodging        | |  2.4
Stealth        | |  2.4
Summonings     | |  1.1
Translocations | |  1.1

Action                     || total
---------------------------++-------
  Melee: Dagger            ||    20
         Punch             ||     1
         Whip              ||    34
   Cast: Magic Dart        ||    84
         Mephitic Cloud    ||     5
         Blink             ||     1
         Call Imp          ||     1
   Stab: Confused          ||     4
 Armour: Robe              ||    44
  Dodge: Dodged            ||    46

Table legend: (Time is in decaauts)
 A = Elapsed time spent in this place.
 B = Non-inter-level travel time spent in this place.
 C = Inter-level travel time spent in this place.
 D = Time resting spent in this place.
 E = Time spent auto-exploring this place.
 F = Levels seen in this place.
 G = Mean time per level.
                   A        B        C        D        E       F      G
               +--------+--------+--------+--------+--------+-----+--------+
         Total |   1585 |   1560 |     25 |     79 |   1191 |   2 |  792.5 |
       Dungeon |   1585 |   1560 |     25 |     79 |   1191 |   2 |  792.5 |
               +--------+--------+--------+--------+--------+-----+--------+

Top non-repeatable levels by time:
     D:1: 1382 daAuts
     D:2: 202 daAuts
